 Dungeon Crawl Stone Soup version 0.24.1-14-gf8d2b509d9 (webtiles) character file.

Game seed: 5135182821208902846, levelgen mode: deterministic

33 Hugehornet the Insei (level 3, -1/23 HPs)
             Began as an Octopode Transmuter on May 17, 2020.
             Slain by a goblin
             ... wielding a cursed -2 club
             ... led by Robin
              (6 damage)
             ... on level 2 of the Dungeon.
             The game lasted 00:02:03 (1752 turns).

Hugehornet the Insei (Octopode Transmuter)          Turns: 1752, Time: 00:02:03

Health: -1/23      AC:  1    Str:  9    XL:     3   Next: 29%
Magic:  7/7        EV: 13    Int: 16    God:
Gold:   120        SH:  0    Dex: 12    Spells: 1/7 levels left

rFire    . . .     SeeInvis .     - Unarmed
rCold    . . .     Gourm    .   (no shield)
rNeg     . . .     Faith    .   (helmet restricted)
rPois    .         Spirit   .   (no amulet)
rElec    .         Reflect  .   (no ring)
rCorr    .         Harm     .   (no ring)
MR       .....                  (no ring)
Stlth    ++........             (no ring)
HPRegen  0.07/turn              (no ring)
MPRegen  0.10/turn              (no ring)
                                (no ring)
                                (no ring)

@: no status effects
A: almost no armour, stealthy swim, amphibious, 8 rings, constrict 8, camouflage
1, gelatinous body 1
a: no special abilities


You were on level 2 of the Dungeon.
You were not hungry.

You visited 1 branch of the dungeon, and saw 2 of its levels.

You collected 120 gold pieces.

Inventory:

Missiles
 a - 12 arrows
Scrolls
 b - a scroll of immolation {unknown}
 d - 2 scrolls of teleportation {unknown}
Potions
 e - 2 potions of lignification {unknown}
 f - 2 potions of berserk rage {unknown}
 g - a potion of ambrosia {unknown}
 h - 2 potions of resistance {unknown}
Comestibles
 c - 3 rations


   Skills:
 - Level 1.0 Fighting
 - Level 2.0 Dodging
 - Level 3.0 Unarmed Combat
 + Level 2.7 Spellcasting
 - Level 3.0 Transmutations


You had one spell level left.
You knew the following spells:

 Your Spells              Type           Power        Failure   Level  Hunger
a - Beastly Appendage     Tmut           ##....       5%          1    #......
b - Sticks to Snakes      Tmut           ##......     9%          2    ##.....
c - Spider Form           Tmut/Pois      #.........   30%         3    ###....

Your spell library contained the following spells:

 Spells                   Type           Power        Failure   Level  Hunger
 Ice Form                 Ice/Tmut       #.......     71%         4    #####..
 Blade Hands              Tmut           ##........   83%         5    ######.


Dungeon Overview and Level Annotations

Branches:
Dungeon (2/15)

Altars:
Wu Jian

Annotations:
D:2 Robin


Innate Abilities, Weirdness & Mutations

You cannot wear most types of armour.
You are very stealthy in the water. (Stealth+)
You are amphibious.
You can wear up to eight rings at the same time.
You can use your tentacles to constrict eight enemies at once.
Your skin changes colour to match your surroundings (Stealth+).
Your rubbery body absorbs attacks. (AC +1, EV +1)


Message History

You grab the goblin. You squeeze the goblin.
You kill the goblin!
The goblin closely misses you. The hobgoblin hits you with a +0 club.
Robin roars a battlecry!
The goblins go into a battle-frenzy!
A hobgoblin comes into view.
Robin throws the goblin at you! The goblin hits you but does no damage.
The goblin hits you with a +0 dagger. The goblin misses you.
The goblin closely misses you.
Your tentacle spike disappears.
The goblin hits you but does no damage. The goblin closely misses you.
The goblin barely misses you.
The goblin hits you but does no damage. x2
There is a stone staircase leading down here.
The goblin hits you with a +0 club.
* * * LOW HITPOINT WARNING * * *
The goblin barely misses you.
The goblin hits you with a cursed -2 club.
You die...

...(###### #.........$
#. # ... #.......... #.
#... #.......... +..
##.## #.g........
#...###...## #.gg.......
#...##.....###ggg...)...
##..#.......##gggg......
........_......g@.......
.# #.......##.#########
.# ##.....###.#
.######...####.#
......##.##.##.######
............##......#
............##.####.#
............##.####.###
###########(..........#


You could see Robin, 5 hobgoblins and 5 goblins.

Vanquished Creatures
  2 giant cockroaches (D:1)
  4 goblins
  3 hobgoblins (D:1)
  6 jackals
  3 kobolds
  2 ball pythons (D:1)
  4 bats
  2 frilled lizards
  3 rats
29 creatures vanquished.

Notes
Turn   | Place    | Note
-------+----------+-------------------------------------------
     0 | D:1      | Hugehornet the Octopode Transmuter began the quest for the
                  | Orb.
     0 | D:1      | Reached XP level 1. HP: 13/13 MP: 3/3
   544 | D:1      | Reached XP level 2. HP: 18/18 MP: 3/5
  1133 | D:1      | Reached XP level 3. HP: 20/23 MP: 4/6
  1139 | D:1      | Learned a level 2 spell: Sticks to Snakes
  1143 | D:1      | Learned a level 3 spell: Spider Form
  1676 | D:2      | Found an ornate altar of the Wu Jian Council.
  1740 | D:2      | Noticed Robin
  1752 | D:2      | Slain by a goblin

Levels and vault maps discovered:
D:1:      dpeg_arrival_windows_large_door, layout_basic
D:2:      layout_basic, lemuel_round_altar, first_ration, uniq_robin

Skill      XL: |  1  2 |
---------------+-------+-----
Transmutations | 3 |  3.0
Fighting       | |  1.0
Dodging        | |  2.0
Unarmed Combat | |  3.0
Spellcasting   | |  2.7

Action                   || total
-------------------------++-------
Melee: Unarmed           ||    60
       Kick              ||    15
       Constrict         ||    15
       Tentacles         ||     6
       Punch             ||     1
 Cast: Beastly Appendage ||    17
 Stab: Sleeping          ||     2
  Eat: Chunk             ||     3
Armor: Skin              ||    10
Dodge: Dodged            ||    52
